 Dungeon Crawl Stone Soup version 0.24-a0-412-ge138f7edaf (webtiles) character file.

Game seed: 9134863575576178758

8335 Azzok the Cleaver (level 11, -1/75 HPs)
             Began as a Formicid Fighter on June 5, 2019.
             Was a High Priest of Okawaru.
             Slain by Snorg (17 damage)
             ... on level 10 of the Dungeon on June 6, 2019.
             The game lasted 00:14:52 (11471 turns).

Azzok the Cleaver (Formicid Fighter)               Turns: 11471, Time: 00:14:53

Health: -1/75      AC: 16    Str: 27    XL:     11   Next: 53%
Magic:  18/18      EV: 10    Int:  8    God:    Okawaru [*****.]
Gold:   451        SH: 13    Dex: 10    Spells: 10/10 levels left

rFire    . . .     SeeInvis +   m - +2 war axe (chop)
rCold    . . .     Gourm    .   c - +1 shield
rNeg     . . .     Faith    .   z - +0 plate armour
rPois    .         Spirit   .   (helmet unavailable)
rElec    .         Reflect  .   (no cloak)
rCorr    .         Harm     .   g - +0 pair of gloves
MR       +....                  l - +0 pair of boots
Stlth    ..........             (no amulet)
HPRegen  0.22/turn              i - +3 ring of strength
MPRegen  0.16/turn              d - +1 ring of evasion

@: heroism
A: permanent stasis, dig shafts and tunnels, four strong arms, antennae 3
a: Dig, Shaft Self, Heroism, Finesse, Renounce Religion


You were on level 10 of the Dungeon.
You worshipped Okawaru.
Okawaru was extremely pleased with you.
You were not hungry.

You visited 2 branches of the dungeon, and saw 11 of its levels.

You collected 451 gold pieces.

Inventory:

Hand Weapons
 m - a +2 war axe of chopping (weapon)
 o - a +0 whip of freezing
 C - the +9 whip "Uthol" {vamp, -Tele Str+8 SInv}
   (You found it on level 10 of the Dungeon)

   It inflicts no extra harm, but heals its wielder when it wounds a living foe.
   It affects your strength (+8).
   It lets you see invisible.
   It prevents most forms of teleportation.
Armour
 c - a +1 shield (worn)
 g - a +0 pair of gloves (worn)
 l - a +0 pair of boots (worn)
 r - +0 ice dragon scales
 z - a +0 plate armour (worn)
Jewellery
 a - an uncursed ring of fire
 d - a +1 ring of evasion (right hand)
 e - an uncursed ring of resist corrosion
 i - a +3 ring of strength (left hand)
Wands
 q - a wand of digging (7)
 s - a wand of flame (10)
Scrolls
 j - 2 scrolls of remove curse
 u - 3 scrolls of enchant weapon
 v - 2 scrolls of fog
 w - 4 scrolls of enchant armour
 x - a scroll of fear
 y - a scroll of immolation
 A - a scroll of magic mapping {unknown}
 D - a scroll of noise {unknown}
Potions
 k - 2 potions of agility
 n - 2 potions of lignification
 p - 3 potions of curing
 t - 2 potions of resistance
 B - a potion of mutation {!q}
Comestibles
 b - a chunk of flesh
 f - 25 rations


   Skills:
 - Level 3.2(8.2) Fighting
 + Level 14.3(19.3) Axes
 - Level 3.2(8.2) Armour
 - Level 3.6(8.6) Shields
 - Level 10.1 Invocations
 + Level 1.8 Evocations


You had 10 spell levels left.
You didn't know any spells.
Your spell library contained the following spells:

 Spells                   Type           Power        Failure   Level  Hunger
 Confusing Touch          Hex            #.....       99%         1    ##.....
 Corona                   Hex            #......      99%         1    ##.....
 Ensorcelled Hibernation  Hex/Ice        #.....       100%        2    ###....
 Confuse                  Hex            #.......     100%        3    ####...
 Dazzling Spray           Conj/Hex       #.....       100%        3    ####...
 Gell's Gravitas          Tloc           #.........   100%        3    ####...
 Tukima's Dance           Hex            #.......     100%        3    ####...
 Petrify                  Tmut/Erth      #.......     100%        4    #####..
 Metabolic Englaciation   Hex/Ice        #.........   100%        5    ######.
 Yara's Violent Unravell  Hex/Tmut       #.........   100%        5    ######.


Dungeon Overview and Level Annotations

Branches:
Dungeon (10/15)            Temple (1/1) D:5            Lair (0/6) D:9
    Orc: D:9-12

Altars:
Ashenzari
Cheibriados
Dithmenos
Elyvilon
Fedhas
Gozag
Hepliaklqana
Kikubaaqudgha
Makhleb
Nemelex Xobeh
Okawaru
Ru
Sif Muna
Trog
Uskayaw
Vehumet
Wu Jian
Xom
Yredelemnul
Zin
The Shining One

Shops:
D:4 *

Annotations:
D:10 Snorg


Innate Abilities, Weirdness & Mutations

You cannot be hasted, slowed, berserked, paralysed or teleported.
You can dig through walls and to a lower floor.
Your four strong arms can wield two-handed weapons with a shield.
You have a pair of large antennae on your head. (SInv)


Message History

Snorg is severely wounded.
You block Snorg's attack. Snorg claws you but does no damage.
You block Snorg's attack.
You hit Snorg but do no damage.
Snorg is severely wounded.
You block Snorg's attack. x2; Snorg claws you.
You slice Snorg!!
Snorg is severely wounded.
Snorg bites you! You block Snorg's attack. Snorg claws you but does no damage.
You closely miss Snorg.
Snorg is severely wounded.
Snorg misses you. You block Snorg's attack. x2
You slash Snorg!
Snorg is almost dead.
Snorg bites you! You block Snorg's attack. Snorg claws you!
* * * LOW HITPOINT WARNING * * *
You barely miss Snorg.
Snorg is almost dead.
Snorg closely misses you. You block Snorg's attack. Snorg claws you!
You die...

▒▒▒▒·▒·····▒▒▒·▒▒▒▒··▒▒
▒▒▒▒···▒▒
·····▒▒·▒····▒·▒▒ ▒··▒
▒▒▒▒···▒▒
·····▒▒·▒··▒·▒··▒ ▒··▒
▒······▒▒
·····▒▒·▒··▒·▒▒·▒ ▒··▒
▒········
·············▒▒·▒ ▒··▒
▒····▒▒▒▒
········▒·▒▒▒▒▒·▒▒▒··▒
▒····▒ ▒ ·····▒▒▒▒·▒
▒··▒▒··▒ ▒····▒ ▒
▒▒▒▒·▒ ▒·▒▒▒▒▒▒·▒▒··▒
▒····▒ ▒ ▒▒▒▒·▒
▒·▒▒···T@····▒ ▒····▒
·····▒ ▒▒▒▒·▒▒▒▒·▒^·▒
▒····▒ ▒▒▒▒·▒
▒····▒▒▒▒····▒▒▒▒
·····▒ ··
▒▒·····▒▒········
·▒▒▒·▒ ···
▒·▒·▒·▒·▒▒▒▒▒·▒▒▒▒
·····▒ ···
▒·▒···▒·▒▒▒▒▒·▒▒▒▒
·▒·▒·▒ ▒·▒
▒··········)·))<▒▒
·▒·▒·▒ ▒·▒
▒·▒▒·········(▒▒▒·
···▒·▒ ▒·▒
▒·▒▒·>·······(▒ ▒·


You could see Snorg (berserk).

Vanquished Creatures
  A two-headed ogre (D:10)
  Pikel (D:9)
  A kobold demonologist (D:8)
  A wraith (D:7)
  A spriggan (D:8)
  6 yaks (D:8)
  3 wyverns
  Grum (D:10)
  A hungry ghost (D:10)
  A water moccasin (D:10)
  4 porcupines (D:9)
  4 ice beasts
  2 orc warriors
  4 slaves (D:9)
  2 black bears (D:9)
  4 sky beasts
  3 phantoms
  3 centaurs
  7 wolves
  2 ogres
  4 crocodiles (D:9)
  3 big kobolds
  5 bullfrogs
  3 howler monkeys (D:10)
  5 crimson imps
  2 quasits (D:9)
  2 bullfrog skeletons
  2 centaur zombies (D:8)
  4 hounds
  5 orc priests
  An iguana (D:7)
  8 orc wizards
  6 worker ants
  A hound zombie (D:8)
  A hound skeleton (D:7)
  A worker ant zombie (D:6)
  3 gnolls (D:4)
  10 adders
  2 oozes
  An adder zombie (D:5)
  An adder skeleton (D:4)
  5 worms
  2 dart slugs (D:3)
  4 leopard geckos
  33 orcs
  7 giant cockroaches
  4 hobgoblins (D:1)
  16 kobolds
  A quokka (D:9)
  A ball python (D:3)
  15 bats
  5 frilled lizards
  10 goblins
  2 leopard gecko skeletons
  2 quokka skeletons
  9 rats
238 creatures vanquished.

Vanquished Creatures (others)
  A fungus (D:9)
1 creature vanquished.

Grand Total: 239 creatures vanquished

Notes
Turn   | Place    | Note
-------+----------+-------------------------------------------
     0 | D:1      | Azzok the Formicid Fighter began the quest for the Orb.
     0 | D:1      | Reached XP level 1. HP: 18/18 MP: 1/1
     0 | D:1      | Upgraded the game from 0.24-a0-408-gcc1054c7ca to
                  | 0.24-a0-412-ge138f7edaf
   158 | D:1      | Reached XP level 2. HP: 24/24 MP: 2/2
   233 | D:1      | Reached skill level 3 in Axes
   343 | D:1      | Reached XP level 3. HP: 27/29 MP: 3/3
  1145 | D:2      | Reached skill level 4 in Axes
  1145 | D:2      | Reached XP level 4. HP: 33/35 MP: 4/4
  1802 | D:2      | Found a glowing golden altar of the Shining One.
  2060 | D:3      | Reached XP level 5. HP: 41/41 MP: 5/5
  2210 | D:3      | Reached skill level 5 in Axes
  2255 | D:3      | Found a shadowy altar of Dithmenos.
  2981 | D:4      | Found Zin's Purification Station.
  2984 | D:4      | Found a glowing silver altar of Zin.
  3114 | D:4      | Reached XP level 6. HP: 42/47 MP: 6/6
  3206 | D:4      | Reached skill level 6 in Axes
  3401 | D:4      | Found a shimmering altar of Xom.
  3406 | D:4      | Found a sparkling altar of Nemelex Xobeh.
  3406 | D:4      | Found a white marble altar of Elyvilon.
  3406 | D:4      | Found a bloodstained altar of Trog.
  3731 | D:5      | Entered Level 5 of the Dungeon
  3784 | D:5      | Noticed a sky beast
  3787 | D:5      | Killed a sky beast
  3787 | D:5      | Reached XP level 7. HP: 52/52 MP: 7/7
  3811 | D:5      | Reached skill level 7 in Axes
  3973 | D:5      | Found a staircase to the Ecumenical Temple.
  4075 | Temple   | Entered the Ecumenical Temple
  4114 | Temple   | Became a worshipper of Warmaster Okawaru
  4305 | D:5      | Reached skill level 1 in Invocations
  4495 | D:5      | Reached skill level 8 in Axes
  4495 | D:5      | Reached XP level 8. HP: 58/58 MP: 8/10
  4588 | D:5      | Reached * piety under Okawaru
  5435 | D:6      | Found a blossoming altar of Fedhas.
  5718 | D:7      | Reached skill level 5 in Invocations
  5876 | D:7      | Noticed a wraith
  5895 | D:7      | Killed a wraith
  5895 | D:7      | Reached skill level 9 in Axes
  6113 | D:7      | Reached ** piety under Okawaru
  6113 | D:7      | Reached XP level 9. HP: 42/64 MP: 13/13
  6418 | D:7      | Found a hazy altar of Hepliaklqana.
  7009 | D:8      | Reached skill level 10 in Axes
  7096 | D:8      | Got a slimy buckler
  7125 | D:8      | Reached *** piety under Okawaru
  7136 | D:8      | Reached XP level 10. HP: 42/70 MP: 14/16
  7138 | D:8      | Noticed a kobold demonologist
  7143 | D:8      | Noticed an orange demon
  7157 | D:8      | Noticed a rust devil
  7160 | D:8      | Reached skill level 11 in Axes
  7172 | D:8      | Killed a kobold demonologist
  7172 | D:8      | Reached skill level 10 in Invocations
  7870 | D:9      | Identified the cursed +0 buckler of the Enchanted Forest
                  | {+Fly Stlth+} (You found it on level 8 of the Dungeon)
  7894 | D:9      | Reached **** piety under Okawaru
  8302 | D:9      | Reached skill level 12 in Axes
  8539 | D:9      | HP: 2/70 [porcupine (5)]
  8987 | D:9      | Found a staircase to the Lair.
  9062 | D:9      | Reached ***** piety under Okawaru
  9065 | D:9      | Reached XP level 11. HP: 54/75 MP: 18/18
  9424 | D:9      | Noticed Pikel
  9441 | D:9      | Killed Pikel
  9441 | D:9      | Reached skill level 13 in Axes
  9678 | D:9      | Found an opulent altar of Gozag.
  9906 | D:10     | Entered Level 10 of the Dungeon
  9969 | D:10     | Noticed a two-headed ogre
  9979 | D:10     | Killed a two-headed ogre
 10196 | D:10     | Reached skill level 14 in Axes
 10622 | D:10     | Got an iridescent whip
 10623 | D:10     | Identified the +9 whip "Uthol" {vamp, -Tele Str+8 SInv}
                  | (You found it on level 10 of the Dungeon)
 10925 | D:10     | Noticed Grum
 10939 | D:10     | Reached skill level 1 in Evocations
 10942 | D:10     | Killed Grum
 11452 | D:10     | Noticed Snorg
 11471 | D:10     | Slain by Snorg

Levels and vault maps discovered:
D:1:      psy_arrival_conway, layout_loops_corners, minmay_domino_4
D:2:      layout_loops_ring, tso_altar
D:3:      layout_basic, lemuel_doored_altar, first_ration
D:4:      layout_basic, zin_purify, grunt_temple_overflow_open,
          minmay_misc_feat_x, kennysheep_generic_room_14
D:5:      layout_gridville, temple_hall, minivault_25
D:6:      layout_loops_ring, overflow_temple_1_default
D:7:      layout_basic, nicolae_overflow_crystal_walls
D:8:      layout_loops_ring, the_bakery
D:9:      layout_irregular_city, lemuel_coloured_pillars_altar,
          minmay_lair_entry_grove, uniq_pikel
D:10:     layout_basic, uniq_snorg, uniq_grum
Temple:   nicolae_temple_god_jail

Skill      XL: |  1  2  3  4  5  6  7  8  9 10 11 |
---------------+----------------------------------+-----
Axes           | 3 4 5 6 8 9 10 12 14 | 14.3
Invocations    | 3 6 9 10 | 10.1
Evocations     | 1 |  1.8
Fighting       | |  3.2
Armour         | |  3.2
Shields        | |  3.6

Action                   |  1- 3 |  4- 6 |  7- 9 | 10-12 || total
-------------------------+-------+-------+-------+-------++-------
Melee: War axe           |    95 |   174 |   281 |   332 ||   882
Invok: Heroism           |       |       |     1 |     4 ||     5
Evoke: Wand              |       |       |       |     7 ||     7
  Use: Scroll            |       |     8 |     9 |     5 ||    22
       Potion            |       |       |       |     3 ||     3
  Eat: Chunk             |     1 |     9 |     7 |    12 ||    29
       Ration            |       |       |     1 |     1 ||     2
Armor: Scale mail        |    50 |     9 |       |       ||    59
       Ice dragon scales |       |    83 |    86 |       ||   169
       Plate armour      |       |       |    22 |   145 ||   167
Dodge: Dodged            |    29 |    74 |    50 |    92 ||   245
Block: Shield            |    48 |    88 |   113 |   195 ||   444

Table legend:
 A = Non-vault XP
 B = Vault XP
 C = Vault XP percentage of total XP
 D = Non-vault monster count
 E = Vault monster count
 F = Vault count percentage of total count
                 A         B        C        D         E       F
            +---------+---------+-------+---------+---------+-------
      Total |    8822 |    3086 |  25.9 |     209 |      25 |  10.7
            +---------+---------+-------+---------+---------+-------
        D:1 |      41 |       7 |  14.6 |      27 |       4 |  12.9
        D:2 |      69 |       0 |   0.0 |      18 |       0 |   0.0
        D:3 |      71 |       0 |   0.0 |      28 |       0 |   0.0
        D:4 |     183 |      32 |  14.9 |      12 |       1 |   7.7
        D:5 |     786 |       0 |   0.0 |      11 |       0 |   0.0
        D:6 |     254 |       0 |   0.0 |       6 |       0 |   0.0
        D:7 |    1189 |       0 |   0.0 |      33 |       0 |   0.0
        D:8 |    2524 |     220 |   8.0 |      23 |       1 |   4.2
        D:9 |    1371 |    2159 |  61.2 |      24 |      14 |  36.8
       D:10 |    2334 |     668 |  22.3 |      27 |       5 |  15.6
            +---------+---------+-------+---------+---------+-------
